 Dungeon Crawl Stone Soup version 0.30-a0-457-g4b7bca3bfa (webtiles) character file.

Game seed: 1280659494744881357

191 bande the Covered (level 5, -4/33 HPs)
             Began as a Gargoyle Fighter on Dec 13, 2022.
             Was an Initiate of Okawaru.
             Slain by Edmund
             ... wielding a +2 flail of venom
              (8 damage)
             ... on level 5 of the Dungeon.
             The game lasted 00:03:46 (2397 turns).

bande the Covered (Gargoyle Fighter)                Turns: 2397, Time: 00:03:46

Health: -4/33      AC: 12    Str: 20    XL:     5   Next: 70%
Magic:  5/5        EV:  9    Int:  8    God:    Okawaru [......]
Gold:   102        SH:  4    Dex: 11    Spells: 4/4 levels left

rFire   . . .      SeeInvis .    a - +0 war axe
rCold   . . .      Faith    .    c - +0 buckler
rNeg    + . .      Spirit   .    b - +0 scale mail
rPois   ∞          Reflect  .    v - +0 helmet
rElec   +          Harm     .    (no cloak)
rCorr   .          Rampage  .    (no gloves)
Will    .....                    (no boots)
Stlth   ..........               q - amulet of regeneration
HPRegen 1.05/turn                (no ring)
MPRegen 0.09/turn                (no ring)

@: mighty
A: sickness immunity, AC +4, negative energy resistance 1, electricity
resistance, torment resistance 1, petrification resistance
a: Renounce Religion


You were on level 5 of the Dungeon.
You worshipped Okawaru.
Okawaru was noncommittal.
You visited 2 branches of the dungeon, and saw 5 of its levels.

You collected 102 gold pieces.

Inventory:

Hand Weapons
 a - a +0 war axe (weapon)
 x - a +0 flail
Armour
 b - a +0 scale mail (worn)
 c - a +0 buckler (worn)
 v - a +0 helmet (worn)
Jewellery
 q - an amulet of regeneration (around neck)
Scrolls
 f - 2 scrolls of identify {unknown}
 j - a scroll of fear {unknown}
 k - 2 scrolls of teleportation {unknown}
 l - a scroll of vulnerability {unknown}
 m - a scroll of magic mapping {unknown}
 n - a scroll of fog {unknown}
 p - a scroll of blinking {unknown}
 r - a scroll of amnesia {unknown}
 s - a scroll of torment {unknown}
 t - a scroll of silence {unknown}
 u - a scroll of immolation {unknown}
Potions
 e - 2 potions of flight {unknown}
 g - 2 potions of mutation {unknown}
 h - a potion of haste {unknown}
 i - a potion of magic {unknown}
 o - 5 potions of curing {unknown}
 w - a potion of resistance {unknown}
 z - a potion of berserk rage {unknown}


   Skills:
 + Level 3.9 Fighting
 + Level 3.7 Axes
 + Level 4.1 Armour
 - Level 0.1 Dodging
 + Level 3.9 Shields
 * Level 1.2 Invocations


You had 4 spell levels left.
You didn't know any spells.
Your spell library contained the following spells:

 Spells                   Type           Power      Damage    Failure   Level
 Petrify                  Tmut/Erth      0%         N/A       100%        4
 Irradiate                Conj/Tmut      0%         3d11      100%        5
 Sublimation of Blood     Necr           Unusable   N/A       N/A         2

Dungeon Overview and Level Annotations

Branches:
Dungeon (5/15)             Temple (1/1) D:5

Altars:
Ashenzari
Elyvilon
Gozag
Hepliaklqana
Makhleb
Nemelex Xobeh
Okawaru
Ru
Sif Muna
Trog
Wu Jian
Zin

Annotations:
D:5 Edmund


Innate Abilities, Weirdness & Mutations

You are immune to sickness and miasma.
Your stone body is resilient. (AC +4)
You are immune to poison.
You resist negative energy. (rN+)
You are resistant to electric shocks. (rElec)
You are resistant to unholy torment.
You are immune to petrification.


Message History

You block the ufetubus's attack.
The ufetubus hits you but does no damage.
Edmund barely misses you.
You hit Edmund but do no damage.
Edmund is moderately wounded.
You miss the ufetubus. The ufetubus barely misses you. x2
Edmund hits you but does no damage. You block the ufetubus's attack. x2
You slash Edmund!
Edmund is heavily wounded.
You miss the ufetubus. The ufetubus hits you.
The ufetubus hits you but does no damage.
You block Edmund's attack. The ufetubus barely misses you.
You block the ufetubus's attack.
Edmund hits you with a +2 flail of venom.
* * * LOW HITPOINT WARNING * * *
You barely miss Edmund.
Edmund is heavily wounded.
You closely miss the ufetubus. The ufetubus closely misses you.
You block the ufetubus's attack. The ufetubus closely misses you.
You block the ufetubus's attack. Edmund hits you but does no damage.
You slash Edmund!
Edmund is severely wounded.
You miss the ufetubus.
The ufetubus hits you but does no damage. x2
Edmund hits you with a +2 flail of venom.
* * * LOW HITPOINT WARNING * * *
You block the ufetubus's attack.
The ufetubus hits you but does no damage.
You feel very mighty all of a sudden. The ufetubus closely misses you.
The ufetubus barely misses you. Edmund hits you but does no damage.
You block the ufetubus's attack.
The ufetubus hits you but does no damage.
You hit Edmund.
Edmund is severely wounded.
You barely miss the ufetubus.
The ufetubus hits you but does no damage.
The ufetubus barely misses you.
Edmund says, "I might not be good at magic, but I can still kill you!"
Edmund hits you with a +2 flail of venom!
You die...

#######
......############# ##
......'....>......# ..
......#####.#####.# .#
......# ##.#####.#..#
......# #...........#
......# #..#...@@(..#
......# #.....5##...#
......####..#.#......#
............#.#..5.#.#
###'#######.#.#.###.)#
#.........#.#.. ..
####........#.# #
###.#.##...###.#.#
#.................


You could see Edmund and an ufetubus.

Vanquished Creatures
  A gnoll sergeant (D:5)
  A hound (D:5)
  Robin (D:3)
  3 gnolls
  2 adders
  2 dart slugs (D:1)
  2 ball pythons (D:2)
  3 endoplasms
  A giant cockroach (D:1)
  10 goblins (D:3)
  4 hobgoblins
  2 quokkas
  3 bats (D:1)
  2 frilled lizards (D:1)
  6 kobolds
  6 rats
49 creatures vanquished.

Notes
Turn   | Place    | Note
-------+----------+-------------------------------------------
     0 | D:1      | bande the Gargoyle Fighter began the quest for the Orb.
     0 | D:1      | Reached XP level 1. HP: 14/14 MP: 1/1
   158 | D:1      | Found a faded altar of an unknown god.
   230 | D:1      | Reached XP level 2. HP: 11/19 MP: 2/2
   633 | D:1      | Reached XP level 3. HP: 21/23 MP: 3/3
  1203 | D:3      | Noticed Robin
  1220 | D:3      | Reached XP level 4. HP: 28/28 MP: 4/4
  1229 | D:3      | Killed Robin
  1249 | D:3      | You fall into a shaft and drop 2 floors!
  1249 | D:5      | Entered Level 5 of the Dungeon
  1268 | D:5      | Found a staircase to the Ecumenical Temple.
  1274 | D:5      | Noticed a gnoll sergeant
  1287 | Temple   | Entered the Ecumenical Temple
  1398 | Temple   | Became a worshipper of Warmaster Okawaru
  2222 | D:5      | Killed a gnoll sergeant
  2223 | D:5      | Reached skill level 4 in Armour
  2223 | D:5      | Reached skill level 1 in Invocations
  2223 | D:5      | Reached XP level 5. HP: 30/33 MP: 5/5
  2383 | D:5      | Noticed Edmund
  2395 | D:5      | HP: 1/33 [Edmund/+2 flail of venom (6)]
  2397 | D:5      | Slain by Edmund

Illustrated notes

Levels and vault maps discovered:
D:1:      dpeg_arrival_court, layout_basic, shapermc_ecumenical_altar_pompeii
D:2:      layout_rooms
D:3:      minmay_roachtagon, layout_basic, uniq_robin, uniq_natasha
D:5:      layout_basic, minmay_temple_entry_hall, minmay_misc_feat_room,
          kennysheep_generic_room_2, uniq_edmund
Temple:   compressed_dpeg_triangle_lava_temple

Skill      XL: |  1  2  3  4 |
---------------+-------------+-----
Axes           | 2 3 |  3.7
Armour         | 4 |  4.1
Invocations    | 1 |  1.2
Fighting       | |  3.9
Dodging        | |  0.1
Shields        | |  3.9

Action                   |  1- 3 |  4- 6 || total
-------------------------+-------+-------++-------
Melee: War axe           |   108 |    45 ||   153
  Use: Potion            |       |     2 ||     2
Armor: Scale mail        |    62 |    46 ||   108
Dodge: Dodged            |    61 |    45 ||   106
Block: Buckler           |    31 |    31 ||    62

Table legend: (Time is in decaauts)
 A = Elapsed time spent in this place.
 B = Non-inter-level travel time spent in this place.
 C = Inter-level travel time spent in this place.
 D = Time resting spent in this place.
 E = Time spent auto-exploring this place.
 F = Levels seen in this place.
 G = Mean time per level.
                   A        B        C        D        E       F      G
               +--------+--------+--------+--------+--------+-----+--------+
         Total |   2467 |   2448 |     19 |   1045 |    920 |   5 |  493.4 |
       Dungeon |   1561 |   1542 |     19 |    193 |    920 |   4 |  390.2 |
        Temple |    906 |    906 |      0 |    852 |      0 |   1 |  906.0 |
               +--------+--------+--------+--------+--------+-----+--------+

Top non-repeatable levels by time:
  Temple: 906 daAuts
     D:1: 784 daAuts
     D:2: 358 daAuts
     D:5: 262 daAuts
     D:3: 155 daAuts
